Map: Invader LE

Players

MCanning - Winner!

  • Race: Protoss Protoss
  • League: Grandmaster

DatBoiTesla (Rob)

  • Race: Protoss Protoss
  • League: Grandmaster

VOD

Have the link to the VOD?

Description

Time

  • Played on: May 15, 2016, 11:39 p.m.
  • Length: 19:47
Show
View Real Time Build Order
Export as new Build Order

MCanning Protoss - Winner!

Build Orders:  

Get SALT Encoding   

  12  0:01  Probe (Chrono Boost)  
  13  0:12  Probe (Chrono Boost)  
  14  0:19  Pylon  
  14  0:22  Probe (Chrono Boost)  
  15  0:37  Probe (Chrono Boost), Gateway  
  16  0:47  Probe (Chrono Boost)  
  16  0:49  Assimilator  
  17  0:53  Assimilator  
  17  0:58  Probe (Chrono Boost)  
  18  1:08  Probe (Chrono Boost), Gateway  
  19  1:19  Probe (Chrono Boost)  
  20  1:26  Cybernetics Core  
  20  1:30  Probe (Chrono Boost)  
  21  1:38  Pylon  
  21  1:40  Probe (Chrono Boost)  
  22  1:50  Probe (Chrono Boost)  
  23  1:56  Zealot (Chrono Boost)  
  25  2:01  Pylon  
  27  2:08  Mothership Core (Chrono Boost)  
  27  2:11  Pylon  
  26  2:41  Nexus, Warp Gate (Chrono Boost)  
  23  3:02  Pylon  
  23  3:04  Pylon  
  23  3:51  Pylon  
  23  4:02  Gateway  
  21  4:16  Gateway  
  21  4:22  Probe (Chrono Boost)  
  22  4:26  Assimilator  
  22  4:33  Probe (Chrono Boost)  
  22  4:34  Assimilator  
  23  4:44  Probe (Chrono Boost), Robotics Facility  
  24  4:54  Probe (Chrono Boost)  
  24  4:55  Pylon  
  24  4:57  Sentry  
  27  5:05  Probe (Chrono Boost)  
  28  5:13  Cybernetics Core  
  28  5:15  Probe (Chrono Boost)  
  29  5:26  Probe (Chrono Boost)  
  30  5:29  Zealot  
  30  5:34  Zealot  
  34  5:36  Probe (Chrono Boost)  
  34  5:38  Observer  
  36  5:47  Probe (Chrono Boost)  
  37  5:59  Stalker  
  37  6:00  Stalker  
  39  6:23  Immortal (Chrono Boost)  
  42  6:27  Stalker x2  
  46  6:46  Nexus  
  44  6:53  Pylon  
  44  6:56  Probe  
  44  6:58  Observer (Chrono Boost)  
  46  7:11  Probe  
  46  7:13  Pylon  
  46  7:14  Sentry x2  
  51  7:23  Probe  
  54  7:37  Probe  
  54  7:38  Twilight Council  
  54  7:41  Sentry  
  55  7:45  Immortal (Chrono Boost)  
  55  7:49  Probe  
  58  7:56  Probe, Pylon  
  59  8:02  Probe  
  60  8:08  Probe, Stalker  
  61  8:21  Immortal (Chrono Boost)  
  61  8:22  Probe  
  61  8:23  Probe  
  67  8:34  Probe  
  67  8:36  Blink (Chrono Boost), Probe  
  67  8:37  Assimilator  
  67  8:39  Assimilator  
  69  8:46  Probe  
  70  8:52  Gateway  
  70  8:56  Forge  
  70  8:59  Probe, Gateway  
  70  9:02  Probe  
  72  9:03  Pylon  
  71  9:11  Probe  
  71  9:14  Robotics Bay  
  71  9:15  Probe  
  73  9:18  Immortal  
  77  9:31  Protoss Ground Weapons Level 1  
  77  9:34  Stalker  
  79  9:42  Gateway  
  79  9:44  Pylon, Stalker  
  81  9:50  Probe  
  82  9:53  Pylon  
  82  9:57  Disruptor  
  83  10:07  Robotics Facility  
  83  10:12  Stalker  
  83  10:19  Pylon  
  83  10:28  Gateway  
  82  10:29  Stalker  
  82  10:30  Disruptor (Chrono Boost)  
  82  10:35  Stalker  
  89  10:47  Pylon  
  89  10:48  Probe  
  90  10:51  Stalker x2  
  90  10:55  Photon Cannon  
  94  11:03  Disruptor (Chrono Boost)  
  94  11:04  Probe  
  98  11:12  Pylon  
  98  11:13  Stalker x3  
  96  11:29  Disruptor (Chrono Boost)  
  97  11:46  Stalker  
  97  11:47  Stalker x2  
  97  11:53  Pylon, Photon Cannon  
  91  12:10  Nexus, Disruptor (Chrono Boost)  
  91  12:12  Pylon  
  91  12:13  Stalker x3  
  99  12:23  Stalker x2  
  105  12:30  Warp Prism (Chrono Boost)  
  98  12:44  Stalker x4  
  98  12:51  Probe  
  107  12:58  Disruptor (Chrono Boost)  
  105  13:13  Probe  
  105  13:16  Stalker x2  
  105  13:17  Stalker x3  
  116  13:25  Nexus  
  116  13:26  Pylon  
  116  13:30  Disruptor (Chrono Boost)  
  96  14:01  Stalker  
  96  14:02  Stalker x5  
  102  14:10  Probe  
  102  14:14  Disruptor (Chrono Boost)  
  106  14:24  Adept  
  108  14:31  Nexus  
  108  14:35  Disruptor (Chrono Boost)  
  108  14:37  Adept x2  
  113  14:57  Zealot x2  
  120  15:00  Disruptor (Chrono Boost)  
  106  15:08  Probe  
  106  15:13  Disruptor (Chrono Boost)  
  101  15:27  Stalker x3  
  101  15:28  Stalker x3  
  100  15:32  Probe  
  101  15:36  Probe  
  101  15:37  Probe  
  103  15:43  Pylon  
  103  15:47  Probe  
  100  15:50  Probe x2  
  100  15:51  Probe  
  101  16:02  Probe  
  102  16:06  Disruptor (Chrono Boost)  
  102  16:08  Stalker x2  
  102  16:09  Probe  
  102  16:10  Probe  
  111  16:20  Probe  
  112  16:26  Assimilator, Stalker x2  
  112  16:28  Probe  
  112  16:29  Assimilator, Pylon  
  117  16:32  Photon Cannon  
  117  16:42  Zealot  
  117  16:44  Disruptor (Chrono Boost)  
  117  16:45  Disruptor (Chrono Boost)  
  123  16:55  Stalker x2  
  123  16:56  Probe  
  128  17:06  Stalker x2  
  132  17:15  Disruptor (Chrono Boost)  
  129  17:34  Disruptor (Chrono Boost)  
  109  17:45  Stalker x2  
  109  17:46  Stalker x4  
  120  17:51  Disruptor (Chrono Boost)  
Show
View Real Time Build Order
Export as new Build Order

DatBoiTesla Protoss 

Build Orders:  

Get SALT Encoding   

  12  0:01  Probe (Chrono Boost)  
  13  0:11  Probe (Chrono Boost)  
  14  0:18  Pylon  
  14  0:22  Probe (Chrono Boost)  
  15  0:36  Probe (Chrono Boost)  
  15  0:38  Forge  
  16  0:47  Probe (Chrono Boost)  
  17  0:57  Probe (Chrono Boost)  
  18  1:08  Probe (Chrono Boost)  
  19  1:20  Pylon  
  19  1:37  Pylon  
  19  1:39  Photon Cannon  
  19  1:41  Pylon  
  19  1:44  Pylon  
  19  2:02  Photon Cannon  
  19  2:03  Photon Cannon  
  19  2:05  Photon Cannon  
  19  2:09  Photon Cannon  
  19  2:16  Pylon  
  19  2:17  Photon Cannon  
  19  2:27  Photon Cannon  
  18  2:32  Pylon  
  18  2:43  Photon Cannon  
  19  2:53  Gateway  
  18  2:59  Photon Cannon  
  18  3:07  Assimilator  
  18  3:08  Assimilator  
  18  3:11  Probe (Chrono Boost)  
  19  3:22  Probe (Chrono Boost)  
  20  3:29  Gateway  
  20  3:32  Probe (Chrono Boost)  
  21  3:35  Pylon  
  21  3:47  Cybernetics Core  
  21  3:51  Probe (Chrono Boost)  
  21  3:54  Pylon  
  22  4:05  Gateway  
  22  4:15  Photon Cannon  
  22  4:20  Probe (Chrono Boost)  
  22  4:24  Warp Gate (Chrono Boost)  
  23  4:34  Stalker (Chrono Boost)  
  25  4:43  Mothership Core  
  27  4:52  Stalker (Chrono Boost)  
  29  4:59  Stalker (Chrono Boost)  
  31  5:05  Twilight Council  
  31  5:18  Pylon x2  
  31  5:25  Pylon  
  32  6:05  Pylon  
  32  6:10  Blink (Chrono Boost)  
  30  6:14  Nexus  
  28  6:38  Probe  
  29  6:48  Stalker x3  
  29  6:52  Pylon  
  29  6:53  Probe (Chrono Boost)  
  36  7:05  Probe (Chrono Boost)  
  37  7:16  Robotics Facility  
  38  7:23  Probe (Chrono Boost)  
  38  7:27  Probe (Chrono Boost)  
  39  7:33  Probe (Chrono Boost)  
  40  7:37  Protoss Ground Weapons Level 1 (Chrono Boost)  
  40  7:38  Probe  
  41  7:44  Probe (Chrono Boost)  
  41  7:50  Probe (Chrono Boost)  
  43  7:56  Probe (Chrono Boost)  
  44  8:01  Probe  
  45  8:08  Immortal (Chrono Boost)  
  45  8:11  Assimilator  
  49  8:13  Probe x2  
  49  8:14  Assimilator  
  49  8:15  Robotics Bay  
  49  8:29  Stalker x3  
  55  8:35  Probe (Chrono Boost)  
  55  8:37  Probe (Chrono Boost)  
  57  8:48  Immortal (Chrono Boost)  
  61  8:55  Stalker  
  61  8:56  Stalker  
  65  9:08  Robotics Facility  
  65  9:15  Pylon  
  68  9:24  Disruptor (Chrono Boost)  
  68  9:28  Pylon, Gateway  
  68  9:37  Stalker x3  
  74  10:03  Nexus  
  74  10:04  Disruptor (Chrono Boost)  
  80  10:07  Disruptor (Chrono Boost)  
  80  10:16  Photon Cannon  
  80  10:19  Pylon  
  80  10:31  Pylon  
  80  10:32  Gateway  
  80  10:33  Gateway  
  80  10:35  Disruptor (Chrono Boost)  
  80  10:39  Observer (Chrono Boost)  
  84  10:48  Stalker  
  84  10:49  Stalker  
  88  10:54  Probe x2 (Chrono Boost)  
  90  11:05  Probe x2 (Chrono Boost)  
  90  11:07  Stalker x2  
  96  11:16  Probe (Chrono Boost)  
  91  11:28  Stalker x2  
  91  11:30  Immortal (Chrono Boost)  
  97  11:38  Protoss Ground Weapons Level 2 (Chrono Boost)  
  90  11:49  Immortal (Chrono Boost)  
  90  11:52  Probe  
  90  11:53  Probe x2  
  97  11:55  Photon Cannon  
  97  11:58  Assimilator  
  97  12:00  Assimilator  
  97  12:02  Probe  
  97  12:06  Probe  
  102  12:15  Disruptor (Chrono Boost)  
  102  12:23  Stargate, Disruptor (Chrono Boost)  
  102  12:27  Stalker x4  
  113  12:51  Disruptor (Chrono Boost)  
  116  12:53  Disruptor (Chrono Boost)  
  116  13:20  Immortal (Chrono Boost), Fleet Beacon  
  116  13:22  Immortal, Pylon  
  116  13:25  Stalker x4  
  132  13:32  Pylon  
  132  13:33  Pylon  
  112  13:59  Disruptor  
  112  14:01  Stalker x5  
  112  14:02  Stalker  
  115  14:04  Disruptor  
  121  14:11  Protoss Ground Weapons Level 3 (Chrono Boost)  
  121  14:22  Tempest  
  119  14:40  Stalker x2  
  119  14:41  Stalker  
  125  14:46  Adept  
  124  14:56  Adept x2  
  128  15:03  Disruptor  
  112  15:17  Stalker x2  
  107  15:24  Disruptor  
  81  15:29  Stalker  
  76  15:37  Stalker  
  78  15:48  Stalker  
  80  15:59  Adept  
  80  16:21  Templar Archives  
  80  16:27  Adept x2  
  82  17:00  Nexus  
  82  17:03  High Templar x2  
  82  17:04  High Templar x3  
  82  17:06  High Templar  
  92  17:24  Archon x2  
  92  17:25  Archon  
  82  17:42  Adept x4  
  58  17:56  Adept  
Tags
 
Add a new tag
Caveats
  • Supply blocks, unpowered buildings, or Contaminate may cause inaccurate times.
  • Supply counts are checked every 10 seconds.